AoeStats
← Alex jr

Arena

510416143Analyzed
4v4 RM · 21h ago on Sep 30, 2026· 46m 10s· 8 players
Game mode
Random Map
Map size
Large (8 player)
Population
200
Speed
Normal
Resources
Standard
Victory
Conquest
Starting age
Dark Age
Ending age
Imperial Age
RankedLock teamsTeams togetherTeam positionsShared explorationLock speedFull tech treeHidden civsTurbo modeCheats
Victory
Defeat
🇺🇸 Teutons · United States
1645
+6
🇩🇰 Italians · Denmark
1522
+9
🇨🇦 Poles · Canada
1462
+11
🇵🇱 Varangians · Poland
976
+28
🇵🇪 Turks · Peru
1371
-15
🇧🇴 Maya · Bolivia
1364
-14
🇧🇷 Persians · Brazil
1344
-13
🇧🇷 Mongols · Brazil
1317
-12
Rbofff
10:24 Feudal Age
14:37 Castle Age
14:20 Stone Mining
15:27 Double-Bit Axe
16:41 Horse Collar
19:21 Gold Mining
20:38 Fletching
24:34 Padded Archer Armor
25:20 Wheelbarrow
25:52 Bodkin Arrow
26:17 Bow Saw
31:05 Imperial Age
31:40 Hand Cart
31:43 Leather Archer Armor
32:57 Chemistry
32:20 Bracer
32:59 Thumb Ring
33:21 Bloodlines
34:05 Scale Barding Armor
34:02 Husbandry
37:00 Chain Barding Armor
36:50 Forging
38:20 Gold Shaft Mining
38:50 Conscription
39:22 Iron Casting
38:27 Elite Mangudai
39:41 Ballistics
39:31 Fortified Wall
40:05 Light Cavalry
Alex jr
9:57 Feudal Age
14:11 Castle Age
12:25 Double-Bit Axe
13:09 Horse Collar
15:51 Bow Saw
18:56 Loom
22:27 Wheelbarrow
25:10 Town Watch
28:33 Imperial Age
26:06 Gold Mining
26:36 Hand Cart
26:39 Bloodlines
26:29 Husbandry
26:54 Scale Barding Armor
28:29 Chain Barding Armor
29:03 Forging
28:16 Heavy Camel Rider
31:10 Conscription
31:57 Plate Barding Armor
31:59 Iron Casting
32:49 Hoardings
31:56 Cavalier
33:01 Ballistics
35:12 Blast Furnace
35:43 Fletching
36:56 Chemistry
36:38 Padded Archer Armor
36:44 Savar
37:28 Bodkin Arrow
37:51 Leather Archer Armor
37:49 Masonry
39:55 Two-Man Saw
40:38 Ring Archer Armor
40:41 Coinage
40:11 Caravan
40:22 Guilds
45:00 Kamandaran
percy_bysshe
9:10 Loom
11:15 Feudal Age
17:41 Fletching
19:46 Double-Bit Axe
25:29 Castle Age
40:31 Bow Saw
40:55 Horse Collar
43:50 Imperial Age
43:57 Wheelbarrow
45:18 Bloodlines
45:11 Husbandry
45:24 Scale Mail Armor
45:32 Scale Barding Armor
GG LA LIFE KARIN
0:27 Loom
10:43 Feudal Age
14:44 Castle Age
12:51 Double-Bit Axe
13:11 Horse Collar
15:03 Gold Mining
17:52 Scale Mail Armor
20:01 Eagle Warrior
22:47 Arson
23:46 Forging
26:54 Bow Saw
29:18 Heavy Plow
31:06 Wheelbarrow
34:24 Imperial Age
31:55 Town Watch
32:41 Fortified Wall
32:10 Pikeman
32:52 Squires
33:43 Iron Casting
34:08 Chain Mail Armor
34:10 Hand Cart
34:36 Halberdier
37:04 Plate Mail Armor
37:35 Blast Furnace
38:00 Fletching
38:42 Conscription
41:55 Chemistry
40:51 Bodkin Arrow
41:01 Hul'che Javelineers
41:34 Bracer
41:56 Ballistics
41:17 Elite Skirmisher
42:03 Thumb Ring
42:39 Padded Archer Armor
43:09 Guard Tower
43:49 Leather Archer Armor
Jaxto
6:10 Loom
8:29 Feudal Age
9:42 Fletching
17:35 Double-Bit Axe
17:31 Horse Collar
18:30 Wheelbarrow
24:04 Castle Age
22:34 Gold Mining
24:24 Scale Mail Armor
24:35 Forging
24:47 Bodkin Arrow
32:00 Bow Saw
31:36 Town Watch
32:18 Fortified Wall
32:43 Pikeman
34:29 Chain Mail Armor
34:24 Forging
34:51 Heavy Plow
37:55 Imperial Age
35:26 Stone Mining
36:56 Iron Casting
37:14 Squires
39:44 Chemistry
38:10 Halberdier
41:17 Plate Mail Armor
45:59 Ballistics
47:09 Crop Rotation
Lord Longshaft
10:12 Feudal Age
14:44 Castle Age
12:52 Horse Collar
14:16 Double-Bit Axe
16:23 Bow Saw
17:37 Loom
21:01 Wheelbarrow
22:31 Fletching
28:06 Gold Mining
28:37 Stone Mining
29:38 Ballistics
30:18 Stone Mining
30:51 Fortified Wall
32:43 Fortified Wall
35:12 Imperial Age
32:45 Treadmill Crane
33:40 Bodkin Arrow
34:17 Masonry
35:00 Stone Shaft Mining
33:49 Crossbowman
34:55 Padded Archer Armor
35:58 Leather Archer Armor
35:54 Bracer
36:57 Chemistry
35:34 Arbalester
36:19 Thumb Ring
37:15 Hand Cart
38:23 Architecture
39:01 Leather Archer Armor
40:16 Ring Archer Armor
41:34 Silk Road
41:17 Caravan
42:21 Conscription
43:30 Scale Mail Armor
44:43 Two-Man Saw
45:47 Hoardings
Retired SweatLord
11:49 Feudal Age
15:41 Castle Age
13:58 Horse Collar
14:04 Double-Bit Axe
23:18 Scale Mail Armor
26:24 Bow Saw
27:03 Wheelbarrow
26:16 Town Watch
27:26 Bloodlines
27:17 Husbandry
27:24 Scale Barding Armor
27:30 Forging
30:30 Imperial Age
27:47 Loom
28:26 Heavy Plow
28:48 Light Cavalry
29:45 Gold Mining
30:19 Chain Barding Armor
30:37 Winged Hussar
31:59 Iron Casting
31:49 Lechitic Legacy
32:18 Stone Mining
34:43 Blast Furnace
34:06 Conscription
36:33 Coinage
36:53 Crop Rotation
37:10 Hand Cart
36:39 Treadmill Crane
37:10 Fortified Wall
38:02 Chemistry
39:06 Banking
42:56 Stone Shaft Mining
KoryT
11:33 Feudal Age
12:52 Loom
15:35 Castle Age
14:27 Double-Bit Axe
14:24 Horse Collar
16:42 Bow Saw
19:37 Scale Barding Armor
21:23 Gold Mining
22:22 Husbandry
24:50 Forging
25:24 Bloodlines
25:58 Chain Barding Armor
26:33 Iron Casting
28:54 Stone Mining
30:15 Heavy Plow
31:57 Wheelbarrow
31:59 Scale Mail Armor
31:51 Fletching
32:13 Squires
31:59 Gambesons
32:01 Arson
35:15 Imperial Age
33:02 Hand Cart
33:49 Chain Mail Armor
37:01 Crop Rotation
37:05 Plate Mail Armor
36:29 Elite Varangian Guard
38:33 Blast Furnace
38:16 Conscription
37:22 Gothikon
42:26 Stone Shaft Mining
42:26 Bodkin Arrow
43:27 Elite Jarl
45:08 Plate Barding Armor
44:35 Bracer
44:58 Ballistics
Connection lost

Rejoining the realm…

Still unreachable

The connection could not be restored.

Session expired

The server has moved on; the page needs a fresh start.